AoeStats
← Tp 上帝 士官候補生

Arena

510438727Analyzed
4v4 RM · 17h ago on Oct 1, 2026· 42m 25s· 8 players
Game mode
Random Map
Map size
Large (8 player)
Population
200
Speed
Normal
Resources
Standard
Victory
Conquest
Starting age
Dark Age
Ending age
Imperial Age
RankedLock teamsTeams togetherTeam positionsShared explorationLock speedFull tech treeHidden civsTurbo modeCheats
Victory
Defeat
🇺🇸 Khmer · United States
1156
+12
🇺🇸 Mongols · United States
1144
+13
🇺🇸 Danes · United States
1132
+13
🇺🇸 Persians · United States
1058
+15
🇳🇱 Vietnamese · Netherlands
1107
-15
🇦🇺 Hindustanis · Australia
1059
-13
1058
-13
🇨🇱 Slavs · Chile
1041
-12
chromies
11:14 Feudal Age
11:41 Horse Collar
11:48 Double-Bit Axe
12:54 Wheelbarrow
13:39 Loom
17:12 Castle Age
19:13 Heavy Plow
24:25 Bow Saw
25:51 Gold Mining
28:19 Gold Shaft Mining
28:46 Hand Cart
28:20 Town Watch
31:29 Imperial Age
29:29 Ballistics
29:20 Masonry
29:21 Scale Barding Armor
29:27 Forging
29:58 Caravan
30:43 Town Patrol
31:43 Chain Barding Armor
31:59 Iron Casting
33:07 Plate Barding Armor
32:49 Bloodlines
32:39 Husbandry
32:49 Bloodlines
32:00 Heavy Camel Rider
33:17 Conscription
32:59 Grand Trunk Road
34:29 Chemistry
33:37 Siege Engineers
34:40 Two-Man Saw
35:56 Blast Furnace
34:38 Imperial Camel Rider
40:30 Fletching
42:55 Bodkin Arrow
Lunakik
7:52 Loom
10:37 Feudal Age
14:05 Double-Bit Axe
17:14 Castle Age
21:01 Horse Collar
23:27 Fletching
24:10 Heavy Plow
26:51 Wheelbarrow
27:42 Bodkin Arrow
29:32 Gold Mining
30:28 Ballistics
31:29 Padded Archer Armor
33:25 Light Cavalry
34:16 Bloodlines
37:33 Imperial Age
Tp 上帝 士官候補生
10:23 Feudal Age
15:59 Castle Age
14:21 Double-Bit Axe
15:35 Horse Collar
20:29 Bow Saw
20:10 Loom
21:21 Wheelbarrow
25:16 Fletching
25:47 Marauders
25:57 Heavy Plow
27:35 Forging
27:30 Scale Barding Armor
30:14 Gold Mining
30:59 Hand Cart
35:30 Imperial Age
33:10 Husbandry
34:20 Chain Barding Armor
34:35 Iron Casting
35:00 Gold Shaft Mining
34:41 Bloodlines
ponchotazo
11:29 Feudal Age
17:46 Castle Age
15:53 Double-Bit Axe
16:41 Man-at-Arms
17:54 Horse Collar
20:22 Gold Mining
21:53 Fletching
27:31 Wheelbarrow
28:31 Hand Cart
28:54 Heavy Plow
PurduePod12
10:40 Feudal Age
15:49 Castle Age
14:03 Double-Bit Axe
14:20 Horse Collar
14:53 Arson
15:45 Gold Mining
23:39 Scale Mail Armor
24:31 Fletching
26:43 Bodkin Arrow
36:25 Imperial Age
34:58 Forging
38:31 Bow Saw
38:12 Pikeman
38:56 Squires
39:06 Squires
38:55 Gambesons
40:09 Gold Shaft Mining
41:19 Wheelbarrow
40:30 Elite Varangian Guard
43:10 Chain Mail Armor
shwajackson
9:37 Feudal Age
14:05 Castle Age
11:56 Double-Bit Axe
12:23 Horse Collar
20:46 Stone Mining
21:50 Loom
22:41 Wheelbarrow
23:07 Bow Saw
27:49 Imperial Age
25:32 Fletching
26:01 Padded Archer Armor
26:40 Bodkin Arrow
27:42 Hand Cart
27:43 Heavy Plow
28:11 Bloodlines
28:13 Light Cavalry
28:56 Gold Mining
30:34 Chemistry
30:32 Bracer
30:47 Leather Archer Armor
30:38 Scale Barding Armor
30:44 Forging
30:40 Town Watch
31:21 Husbandry
32:19 Thumb Ring
32:40 Parthian Tactics
32:28 Hussar
33:34 Chain Barding Armor
33:31 Siege Engineers
33:47 Ballistics
35:38 Elite Mangudai
37:24 Iron Casting
38:29 Conscription
Friar Green
10:20 Feudal Age
17:31 Castle Age
15:45 Double-Bit Axe
16:07 Horse Collar
20:49 Bow Saw
21:01 Bloodlines
21:45 Heavy Plow
24:10 Wheelbarrow
24:05 Gold Mining
25:27 Stone Mining
26:14 Gold Shaft Mining
26:39 Hand Cart
29:07 Husbandry
31:39 Imperial Age
29:21 Scale Barding Armor
29:27 Forging
30:47 Chain Barding Armor
31:26 Cavalier
33:50 Two-Man Saw
33:40 Stone Shaft Mining
34:04 Crop Rotation
34:00 Savar
35:33 Scale Mail Armor
41:22 Iron Casting
42:21 Plate Barding Armor
42:34 Town Watch
42:35 Loom
43:59 Blast Furnace
Brando22
10:01 Feudal Age
14:19 Castle Age
12:34 Double-Bit Axe
12:38 Horse Collar
16:39 Bow Saw
20:44 Heavy Plow
21:40 Wheelbarrow
21:30 Gold Mining
23:37 Hand Cart
27:03 Imperial Age
26:00 Loom
26:53 Gold Shaft Mining
26:17 Town Watch
27:26 Coinage
27:47 Ballistics
28:36 Scale Barding Armor
28:42 Forging
28:16 Heavy Scorpion
29:27 Bloodlines
28:38 Light Cavalry
29:18 Husbandry
30:41 Chemistry
30:43 Chain Barding Armor
31:02 Iron Casting
31:20 Siege Engineers
31:17 Hussar
32:56 Masonry
33:00 Fortified Wall
34:43 Plate Barding Armor
35:09 Blast Furnace
34:55 Double Crossbow
35:16 Conscription
Connection lost

Rejoining the realm…

Still unreachable

The connection could not be restored.

Session expired

The server has moved on; the page needs a fresh start.